 Dungeon Crawl Stone Soup version 0.27.1-1-g398f81649c (webtiles) character file.

Game seed: 8645391903954932445

53 Kala the Ruffian (level 3, -1/31 HPs)
             Began as a Naga Transmuter on Sept 8, 2021.
             Slain by a hound (3 damage)
             ... on level 2 of the Dungeon.
             The game lasted 00:04:16 (1439 turns).

Kala the Ruffian (Naga Transmuter)                  Turns: 1439, Time: 00:04:17

Health: -1/31      AC:  3    Str: 12    XL:     3   Next: 87%
Magic:  5/6        EV:  9    Int: 14    God:
Gold:   15         SH:  0    Dex: 11    Spells: 0/6 levels left

rFire    . . .     SeeInvis +     - Unarmed
rCold    . . .     Faith    .   (no shield)
rNeg     . . .     Spirit   .   e - +0 leather armour
rPois    +         Reflect  .   (helmet currently unavailable)
rElec    .         Harm     .   c - +0 cloak
rCorr    .         Rampage  .   (no gloves)
Will     .....                  (no barding)
Stlth    +.........             (no amulet)
HPRegen  0.10/turn              (no ring)
MPRegen  0.10/turn              (no ring)

@: short of breath, appendages (expiring), very slow
A: horns 2, AC +1, large, see invisible, deformed body, poison resistance,
slowness 2, spit poison 1, naga tail 1
a: Spit Poison, End Transformation


You were on level 2 of the Dungeon.
You had temporarily grown beastly horns.
You visited 1 branch of the dungeon, and saw 2 of its levels.

You collected 15 gold pieces.

Inventory:

Armour
 a - a +0 robe
 c - a +0 cloak (worn)
 e - a +0 leather armour (worn)
Scrolls
 b - a scroll of blinking {unknown}
Potions
 d - a potion of curing {unknown}


   Skills:
 + Level 1.6 Fighting
 - Level 1.5 Dodging
 * Level 3.6 Unarmed Combat
 - Level 2.0 Spellcasting
 * Level 2.8 Transmutations
 + Level 1.5 Poison Magic


You couldn't memorise any spells.
You knew the following spells:

 Your Spells              Type           Power      Damage    Failure   Level
a - Beastly Appendage     Tmut           18%        N/A       10%         1
b - Spider Form           Tmut/Pois      3%         N/A       36%         3
c - Wereblood             Tmut           9%         N/A       14%         2

Your spell library contained the following spells:

 Spells                   Type           Power      Damage    Failure   Level
 Ice Form                 Ice/Tmut       5%         N/A       86%         4


Dungeon Overview and Level Annotations

Branches:
Dungeon (2/15)

Altars:

Annotations:
D:2 Natasha


Innate Abilities, Weirdness & Mutations

You have temporarily grown beastly horns.
Your serpentine skin is tough. (AC +1)
You have supernaturally acute eyesight. (SInv)
Armour fits poorly on your strangely shaped body.
Your system is resistant to poisons. (rPois)
You cover ground very slowly.
You can spit poison.
You have a snake-like lower body.


Message History

You are too injured to fight recklessly!
You are too injured to fight recklessly!
You are too injured to fight recklessly!
You are too injured to fight recklessly!
You are too injured to fight recklessly!
You are too injured to fight recklessly!
You are too injured to fight recklessly!
You are too injured to fight recklessly!
You are too injured to fight recklessly!
Abil: Spit Poison
Press: ? - help, Q - select action, (/) - cycle Shift-Dir - straight line, f - Natasha
Aim: Natasha The splash of poison hits the hound but does no damage.
The hound is poisoned.
The hound is heavily wounded.
The hound completely misses you.
You closely miss the hound.
The hound is heavily wounded.
The hound barely misses you.
Natasha casts a spell.
The hound bites you.
* * * LOW HITPOINT WARNING * * *
You barely miss the hound.
The hound is heavily wounded.
The hound bites you.
* * * LOW HITPOINT WARNING * * *
You hit the hound.
The hound is severely wounded.
The hound barely misses you.
Natasha casts a spell.
You hit the hound.
The hound is almost dead.
The hound closely misses you. The shadow imp hits you.
* * * LOW HITPOINT WARNING * * *
The hound bites you.
* * * LOW HITPOINT WARNING * * *
You closely miss the hound.
The hound is severely wounded.
The hound bites you.
You die...

#.######## #.# #†# #.#
#.# #.##############
#.......†.......
...###########........
......5@.....'........
..####h#######........
..h #........ #..##
#........ #.#
#........ ...
#........ #..
######### #.


You could see a hound (poisoned), Natasha and a shadow imp (summoned).

Vanquished Creatures
  An adder (D:2)
  A worm (D:2)
  2 dart slugs (D:1)
  4 bats
  4 endoplasms
  2 giant cockroaches (D:1)
  4 goblins
  4 hobgoblins (D:1)
  A quokka (D:1)
  3 ball pythons (D:1)
  4 frilled lizards
  A kobold (D:1)
  5 rats
36 creatures vanquished.

Notes
Turn   | Place    | Note
-------+----------+-------------------------------------------
     0 | D:1      | Kala the Naga Transmuter began the quest for the Orb.
     0 | D:1      | Reached XP level 1. HP: 18/18 MP: 3/3
   172 | D:1      | Reached XP level 2. HP: 19/25 MP: 3/5
   679 | D:1      | Reached skill level 1 in Poison Magic
   855 | D:1      | Reached XP level 3. HP: 24/31 MP: 4/6
  1399 | D:2      | Learned a level 3 spell: Spider Form
  1402 | D:2      | Learned a level 2 spell: Wereblood
  1425 | D:2      | Noticed Natasha
  1439 | D:2      | Slain by a hound

Illustrated notes

Levels and vault maps discovered:
D:1:      onia_arrival_handbag, layout_basic
D:2:      layout_basic, hellmonk_ecumenical_altar_crossroads,
          grunt_ministairs_6, minmay_pentomino_r2, uniq_natasha

Skill      XL: |  1  2 |
---------------+-------+-----
Poison Magic   | 1 |  1.5
Fighting       | |  1.6
Dodging        | |  1.5
Unarmed Combat | |  3.6
Spellcasting   | |  2.0
Transmutations | |  2.8

Action                   || total
-------------------------++-------
Melee: Unarmed           ||    72
       Headbutt          ||    10
 Cast: Beastly Appendage ||    18
 Abil: Spit Poison       ||    25
Armor: Robe              ||    10
       Leather armour    ||     5
Dodge: Dodged            ||    32
